[Event "Titled Tuesday Blitz January 17 Late 2023"]
[White "Carbone, Diego"]
[Black "Alfaro, William"]
[WhiteFideId "3002179"]
[BlackFideId "6100457"]
[WhiteElo "2336"]
[BlackElo "2134"]
[Result "0-1"]
[Round "09"]
[TimeControl "180+2"]
[Date "2023.01.17"]
[WhiteClock "0:00:06"]
[BlackClock "0:00:53"]

1. d4 Nf6 2. c4 g6 3. g3 Bg7 4. Bg2 d6 5. Nc3 O-O 6. Nf3 Nc6 7. O-O e5 8. dxe5 dxe5 9. Bg5 Qxd1 10. Rfxd1 Bg4 11. h3 Bxf3 12. Bxf3 Nd4 13. Bg2 c6 14. e3 Ne6 15. Bxf6 Bxf6 16. Rd6 Rfd8 17. Rad1 Be7 18. Rd7 Bb4 19. Rxb7 Bxc3 20. Rxd8+ Rxd8 21. bxc3 Rd1+ 22. Bf1 Rc1 23. Rxa7 Rxc3 24. Ra6 Rc2 25. Rxc6 Rxa2 26. Rc8+ Kg7 27. c5 Rc2 28. c6 Nc5 29. Bb5 Ne4 30. Bd3 Rc1+ 31. Kg2 Nd2 32. Ba6 Ne4 33. Kf3 Nd6 34. Rc7 Ne8 35. Re7 Nf6 36. c7 Nd5 37. Rxe5 Nxc7 38. Bd3 Ne6 39. Ra5 Kf6 40. h4 Rc3 41. Be4 h6 42. Ra6 g5 43. h5 Ke5 44. Bb1 f5 45. Ba2 g4+ 46. Kg2 Ng5 47. Ra5+ Kf6 48. Bd5 Rc1 49. Ba8 Nh3 50. Ra6+ Kg5 51. Ra5 Rc2 52. Be4 Rxf2+ 53. Kh1 Kf6 54. Bg2 Re2 55. Ra6+ Kg5 56. Ra5 Rxe3 57. Bxh3 gxh3 58. Kh2 Kg4 59. Ra4+ Kg5 60. Kxh3 Kxh5 61. Rf4 Kg5 62. Rf2 h5 63. Kg2 Ra3 64. Rf4 Rd3 65. Rh4 Rd2+ 66. Kh3 Rd3 67. Rf4 Re3 68. Kg2 Re2+ 69. Kf3 Re4 70. Rxe4 fxe4+ 71. Kxe4 Kg4 72. Ke3 Kxg3 73. Ke2 Kg2 74. Ke3 h4 75. Kf4 h3 76. Kg4 h2 77. Kg5 h1=Q 0-1


[Site "https://www.chess.com"]

[Event "Titled Tuesday Blitz January 17 Late 2023"]
[White "Bouget, Alexandre"]
[Black "Rios Escobar, Adan"]
[WhiteFideId "681318"]
[BlackFideId "3403645"]
[WhiteElo "2267"]
[BlackElo "2234"]
[Result "1/2-1/2"]
[Round "09"]
[TimeControl "180+2"]
[Date "2023.01.17"]
[WhiteClock "0:00:03"]
[BlackClock "0:00:05"]

1. d4 Nf6 2. c4 g6 3. Nc3 Bg7 4. e4 d6 5. Nge2 O-O 6. Ng3 a6 7. h4 h5 8. Be2 Nc6 9. Bg5 Nh7 10. Be3 e5 11. d5 Nd4 12. Bxh5 gxh5 13. Nxh5 f5 14. Nxg7 Kxg7 15. Bxd4 exd4 16. Qxd4+ Qf6 17. O-O-O Bd7 18. f3 Qxd4 19. Rxd4 Rae8 20. b4 b6 21. c5 bxc5 22. bxc5 Nf6 23. c6 Bc8 24. Kc2 fxe4 25. Nxe4 Bf5 26. Re1 Re5 27. Kb2 Nxd5 28. Rc1 Rb8+ 29. Ka1 Nb4 30. a3 Nd5 31. Ng5 Ne3 32. g4 Nc2+ 33. Rxc2 Bxc2 34. f4 Re1+ 35. Ka2 Bb1+ 36. Ka1 Bc2+ 37. Ka2 a5 38. a4 Reb1 39. Ne6+ Kf6 40. Nxc7 R8b2+ 41. Ka3 Rb3+ 42. Ka2 Rf3 43. Nd5+ Kf7 44. c7 Rfb3 45. c8=Q R1b2+ 46. Ka1 Rb1+ 47. Ka2 R1b2+ 48. Ka1 Rb1+ 49. Ka2 1/2-1/2


[Site "https://www.chess.com"]

[Event "Titled Tuesday Blitz January 17 Late 2023"]
[White "Pein, Jonathan"]
[Black "Abdyzhaparov, Aidar"]
[WhiteFideId "417092"]
[BlackFideId "13800361"]
[WhiteElo "2265"]
[BlackElo "1978"]
[Result "1-0"]
[Round "09"]
[TimeControl "180+2"]
[Date "2023.01.17"]
[WhiteClock "0:00:47"]
[BlackClock "0:00:20"]

1. e4 d6 2. d4 Nf6 3. Nc3 e5 4. dxe5 dxe5 5. Qxd8+ Kxd8 6. f4 Nbd7 7. Nf3 Bd6 8. g3 a6 9. Bc4 Ke7 10. a4 b6 11. Nd5+ Nxd5 12. Bxd5 Rb8 13. Bd2 Bb7 14. O-O-O Bxd5 15. exd5 f6 16. fxe5 Bxe5 17. Rhe1 Kf7 18. Nxe5+ Nxe5 19. Bf4 Rhe8 20. Bxe5 Rxe5 21. Rxe5 fxe5 22. d6 Ke6 23. dxc7 Rc8 24. Rd8 Rxc7 25. Re8+ Kf5 26. Kd2 Ke4 27. Re6 Rf7 28. Rxb6 Rf2+ 29. Kc3 Ke3 30. Rxa6 e4 31. Re6 Rf5 32. b4 Kf3 33. a5 e3 34. a6 Rf7 35. b5 e2 36. b6 Rf6 37. Rxe2 Rxb6 38. a7 Ra6 39. Re7 g5 40. Rxh7 g4 41. Kb4 Kg2 42. c4 Ra1 43. Kb5 Rb1+ 44. Kc6 Ra1 45. c5 Ra2 46. Kb7 Rb2+ 47. Kc8 Ra2 48. Kb8 Rb2+ 49. Rb7 Ra2 50. a8=Q Rxa8+ 51. Kxa8 Kxh2 52. Rg7 Kxg3 53. c6 Kf2 54. c7 g3 55. c8=Q g2 56. Rxg2+ Kf1 57. Ra2 1-0


[Site "https://www.chess.com"]

[Event "Titled Tuesday Blitz January 17 Late 2023"]
[White "Quinones Garcia, Santiago"]
[Black "Malka, Samuel"]
[WhiteFideId "4408497"]
[BlackFideId "20643675"]
[WhiteElo "2248"]
[BlackElo "2165"]
[Result "0-1"]
[Round "09"]
[TimeControl "180+2"]
[Date "2023.01.17"]
[WhiteClock "0:01:14"]
[BlackClock "0:00:18"]

1. d4 Nf6 2. c4 g6 3. Nc3 Bg7 4. e4 d6 5. Nf3 O-O 6. h3 e5 7. d5 a5 8. Be3 Na6 9. g4 Nd7 10. Nd2 Ndc5 11. Qc2 f5 12. gxf5 gxf5 13. Rg1 Kh8 14. Bg5 Bf6 15. Bxf6+ Qxf6 16. O-O-O Nb4 17. Qb1 fxe4 18. Ndxe4 Qf4+ 19. Nd2 Bf5 20. Qa1 Ncd3+ 21. Bxd3 Nxd3+ 22. Kc2 Nxf2+ 23. Kc1 Nxd1 24. Rxd1 Rg8 25. b3 Rg2 26. Nb5 Bxh3 27. Nxc7 Rc8 28. Nb5 Bg4 29. Qc3 Bxd1 30. Kxd1 Qh6 31. Qxa5 Rf8 32. Qc3 Rff2 33. Nxd6 Rxd2+ 34. Kc1 Rg1# 0-1


[Site "https://www.chess.com"]

[Event "Titled Tuesday Blitz January 17 Late 2023"]
[White "Romero Ruscalleda, Josep"]
[Black "Womacka, Mathias"]
[WhiteFideId "2231859"]
[BlackFideId "4611390"]
[WhiteElo "2160"]
[BlackElo "2396"]
[Result "0-1"]
[Round "09"]
[TimeControl "180+2"]
[Date "2023.01.17"]
[WhiteClock "0:00:03"]
[BlackClock "0:00:11"]

1. e4 c5 2. c3 d5 3. exd5 Qxd5 4. d4 Nf6 5. Nf3 e6 6. Be3 Nbd7 7. Nbd2 Be7 8. Bc4 Qd6 9. h3 O-O 10. O-O b6 11. Qe2 Bb7 12. Rad1 Qc7 13. Bd3 Rad8 14. Rfe1 h6 15. Nc4 cxd4 16. Bxd4 Nc5 17. Bc2 Ba6 18. Be5 Qc8 19. b3 Rxd1 20. Rxd1 Rd8 21. Nd4 Ncd7 22. Nxe6 fxe6 23. Bxf6 Nxf6 24. Rxd8+ Bxd8 25. Bd3 Be7 26. Qe5 Bb7 27. Ne3 Nd5 28. Bc4 Bf6 29. Qe4 Qd7 30. Ng4 Bxc3 31. Bd3 Nf6 32. Nxf6+ Bxf6 33. Qh7+ Kf8 34. Bg6 Ke7 35. Qg8 Kd6 36. Qf8+ Kc7 37. Qb4 Qd6 38. Qc4+ Qc6 39. Qg4 Qc1+ 40. Kh2 Be5+ 41. f4 Qxf4+ 42. Qxf4 Bxf4+ 43. Kg1 Be5 44. Kf2 Kd6 45. Bd3 Bf6 46. Ke2 Kc5 47. g4 Kd4 48. Bb5 e5 49. Bd7 e4 50. Bf5 e3 51. b4 Be4 52. Be6 Bd3+ 53. Kf3 e2 54. Kf2 Bh4+ 0-1


[Site "https://www.chess.com"]

[Event "Titled Tuesday Blitz January 17 Late 2023"]
[White "Novikov, Evgenij"]
[Black "Liu, Kelsey"]
[WhiteFideId "4125380"]
[BlackFideId "30944481"]
[WhiteElo "2276"]
[BlackElo "2065"]
[Result "1-0"]
[Round "09"]
[TimeControl "180+2"]
[Date "2023.01.17"]
[WhiteClock "0:01:07"]
[BlackClock "0:00:15"]

1. e4 c5 2. Nf3 e6 3. d4 cxd4 4. Nxd4 Nc6 5. Nxc6 bxc6 6. Bd3 d5 7. O-O Bd6 8. Qf3 Ne7 9. Re1 Ng6 10. Nc3 O-O 11. Qh5 d4 12. e5 dxc3 13. exd6 Qxd6 14. bxc3 Qd5 15. Qe2 Bb7 16. c4 Qd4 17. Rb1 Rab8 18. Be3 Qh4 19. Bxa7 Nf4 20. Qe4 f5 21. Qf3 Nxd3 22. cxd3 1-0


[Site "https://www.chess.com"]

[Event "Titled Tuesday Blitz January 17 Late 2023"]
[White "MitzyCaballero"]
[Black "Belenkaya, Dina"]
[BlackFideId "24142654"]
[WhiteElo "2313"]
[BlackElo "2267"]
[Result "1-0"]
[Round "09"]
[TimeControl "180+2"]
[Date "2023.01.17"]
[WhiteClock "0:00:11"]
[BlackClock "0:00:14"]

1. d4 Nf6 2. Nf3 g6 3. c4 d6 4. g3 Nbd7 5. Bg2 Bg7 6. Nc3 O-O 7. O-O Re8 8. e4 e5 9. h3 c6 10. Re1 Qc7 11. Be3 Nf8 12. Qc2 exd4 13. Nxd4 Ne6 14. Rad1 a5 15. Ndb5 cxb5 16. Nxb5 Qe7 17. Nxd6 Rd8 18. e5 Ne8 19. Bb6 Rd7 20. c5 Nxd6 21. exd6 Qf6 22. c6 bxc6 23. Bxc6 Rb8 24. Bxd7 Bxd7 25. Be3 Rxb2 26. Qe4 Ng5 27. Qa8+ Bf8 28. Rf1 Nf3+ 29. Kg2 Ne5 30. Kh2 Bc6 31. Qxc6 Nxc6 32. d7 Nd8 33. Bd4 Qf3 34. Bxb2 Qc6 35. Be5 Qe6 36. Bf4 Be7 37. Rfe1 Qf6 38. Re2 Kg7 39. Rde1 g5 40. Be5 Kg6 41. Bxf6 Bxf6 42. Rd2 Nc6 43. Rd3 Nd8 44. Re8 Kg7 45. f4 gxf4 46. gxf4 Nc6 47. f5 Nd8 48. Kg2 Bg5 49. Kf1 Bf6 50. Ke2 h5 51. a4 h4 52. Rb3 Kh6 53. Rb8 Nc6 54. d8=Q Bxd8 55. Rexd8 Kg5 56. Rdc8 Nxb8 57. Rxb8 Kxf5 58. Rb5+ Kf4 59. Rxa5 Kg3 60. Rb5 Kxh3 61. Rf5 Kg4 62. Rxf7 h3 63. Rh7 h2 64. Kd3 Kf5 65. Rxh2 Ke6 66. Rh5 Kd6 67. Kc4 Kc7 68. Rh6 Kb7 69. Rh7+ Ka6 70. Kc5 Ka5 71. Ra7# 1-0


[Site "https://www.chess.com"]

[Event "Titled Tuesday Blitz January 17 Late 2023"]
[White "Remolar Gallen, Jose"]
[Black "Ferriz Barrios, Andres"]
[WhiteFideId "2215187"]
[BlackFideId "5104467"]
[WhiteElo "2285"]
[BlackElo "2102"]
[Result "0-1"]
[Round "09"]
[TimeControl "180+2"]
[Date "2023.01.17"]
[WhiteClock "0:00:12"]
[BlackClock "0:00:43"]

1. e4 e6 2. Nf3 d5 3. e5 c5 4. b4 cxb4 5. a3 a5 6. axb4 Bxb4 7. c3 Be7 8. d4 h5 9. Bd3 Nh6 10. Ba3 Nc6 11. Bxe7 Qxe7 12. Na3 Nf5 13. Nb5 O-O 14. h3 Nh6 15. Qc1 f5 16. exf6 Qxf6 17. O-O e5 18. Nc7 Ra7 19. Nxd5 Qd8 20. Bc4 Be6 21. Ne3 Bxc4 22. Nxc4 e4 23. Nfe5 Rf5 24. Nxc6 bxc6 25. Qe3 Qd5 26. Nd2 Re7 27. c4 Qe6 28. c5 Rd5 29. Rxa5 Nf5 30. Ra8+ Kh7 31. Qg5 Qg6 32. Qxg6+ Kxg6 33. Ra6 Nxd4 34. Re1 Rde5 35. Re3 Kf5 36. Ra4 Rd5 37. Nf1 h4 38. Ra2 Ree5 39. g3 g5 40. g4+ Kf6 41. Kg2 Rxc5 42. Ra8 Ke6 43. Rg8 Kd5 44. Rg7 Kc4 45. Nd2+ Kb5 46. Nxe4 Rcd5 47. Nd2 Kc5 48. Rxe5 Rxe5 49. Nf3 Nxf3 50. Kxf3 Kd4 51. Rd7+ Rd5 52. Rc7 c5 53. Ke2 c4 54. Kd2 Ke4+ 55. Kc3 Rd3+ 56. Kc2 Rxh3 57. Rxc4+ Kf3 58. Rc3+ Kg2 59. Rc5 Rf3 60. Rxg5 Rxf2+ 61. Kd3 Kg3 62. Rg8 Rf3+ 63. Ke4 Rf4+ 64. Ke5 h3 65. g5 h2 66. Rh8 Rh4 67. Rxh4 Kxh4 68. g6 h1=Q 69. g7 Qa1+ 70. Ke6 Qxg7 71. Kd6 Kg4 72. Kd5 Kf4 0-1


[Site "https://www.chess.com"]

[Event "Titled Tuesday Blitz January 17 Late 2023"]
[White "Figorito, Nick"]
[Black "Floresvillar Gonzalez, Luis Migu"]
[WhiteFideId "30923689"]
[BlackFideId "5100542"]
[WhiteElo "2036"]
[BlackElo "2043"]
[Result "1-0"]
[Round "09"]
[TimeControl "180+2"]
[Date "2023.01.17"]
[WhiteClock "0:00:30"]
[BlackClock "0:00:14"]

1. Nf3 d5 2. g3 c6 3. Bg2 Bg4 4. O-O Nf6 5. c4 e6 6. Qb3 Qb6 7. d4 dxc4 8. Qxc4 Nbd7 9. Nc3 Be7 10. Na4 Qa5 11. Bd2 Qh5 12. Qb3 b5 13. Nc3 a6 14. a4 O-O 15. Nd1 Nd5 16. Ne3 Nxe3 17. Bxe3 Nb6 18. Ne5 Nxa4 19. Nxc6 Bf6 20. Ne5 Bxe5 21. dxe5 Bxe2 22. Rfe1 Bf3 23. Bd2 Bxg2 24. Kxg2 Rfd8 25. Bb4 Nb6 26. Ba5 Rdb8 27. Bxb6 Rxb6 28. Qe3 Rab8 29. Rec1 h6 30. Rc7 b4 31. Ra7 b3 32. R1xa6 Rxa6 33. Rxa6 Qf5 34. Ra7 Rb5 35. Qc3 Qc2 36. Qf3 Rxe5 37. Qxf7+ 1-0


[Site "https://www.chess.com"]

[Event "Titled Tuesday Blitz January 17 Late 2023"]
[White "Wang, Alexander J"]
[Black "Qiao, Cindy"]
[WhiteFideId "30955270"]
[BlackFideId "2620243"]
[WhiteElo "1815"]
[BlackElo "1785"]
[Result "1-0"]
[Round "09"]
[TimeControl "180+2"]
[Date "2023.01.17"]
[WhiteClock "0:00:11"]
[BlackClock "0:00:20"]

1. e4 c5 2. Nf3 d6 3. d4 cxd4 4. Nxd4 Nf6 5. Nc3 g6 6. g3 Bg7 7. Bg2 O-O 8. O-O Bd7 9. h3 Nc6 10. Be3 Rc8 11. f4 a6 12. a4 Qc7 13. g4 Na5 14. Nde2 Nc4 15. Bc1 Bc6 16. b3 Nb6 17. Be3 Nbd7 18. g5 Nh5 19. Bf3 Rfd8 20. Bxh5 gxh5 21. Bd4 e5 22. Be3 Nc5 23. f5 Nxe4 24. f6 Bh8 25. Nxe4 Bxe4 26. Ng3 Bg6 27. c4 d5 28. cxd5 Qc3 29. Qf3 Qxb3 30. Rad1 Rc3 31. Rfe1 h4 32. Ne4 Rd3 33. Rxd3 Qxd3 34. Nc5 Qc3 35. Ne6 Re8 36. Rc1 Qd3 37. Nc7 Rc8 38. Rd1 Qc2 39. d6 Qc6 40. d7 Rd8 41. Qxc6 bxc6 42. Bb6 Bf5 43. Ne6 Rxd7 44. Rxd7 fxe6 45. Rd8+ Kf7 46. Rxh8 e4 47. Kf2 Bxh3 48. Rxh7+ Kg6 49. Rxh4 Bf5 50. Rh6+ Kxg5 51. f7 Kxh6 52. f8=Q+ Kg5 53. Be3+ Kg4 54. Qg7+ Kh5 55. Qg5# 1-0


[Site "https://www.chess.com"]

[Event "Titled Tuesday Blitz January 17 Late 2023"]
[White "Rose, Felix"]
[Black "Davidson, Kevin"]
[WhiteFideId "5105722"]
[BlackFideId "2056810"]
[WhiteElo "2091"]
[BlackElo "2154"]
[Result "0-1"]
[Round "09"]
[TimeControl "180+2"]
[Date "2023.01.17"]
[WhiteClock "0:01:01"]
[BlackClock "0:00:38"]

1. e4 c5 2. Nf3 d6 3. d4 cxd4 4. Nxd4 Nf6 5. Nc3 a6 6. Be3 e5 7. Nb3 Be6 8. f3 Be7 9. Qd2 O-O 10. O-O-O Nbd7 11. g4 b5 12. g5 b4 13. gxf6 bxc3 14. Qxc3 Nxf6 15. Na5 Rc8 16. Nc6 Qd7 17. Nxe7+ Qxe7 18. Qa5 Rc6 19. Kb1 Qb7 20. Rg1 Rb8 21. Bc1 Nd7 22. Rg2 Nc5 23. Rgd2 Rb6 24. Qa3 Qc7 25. Ka1 h6 26. Be2 a5 27. Qxa5 Rxb2 28. Bxb2 Qxa5 29. Rxd6 Qxa2# 0-1


[Site "https://www.chess.com"]

[Event "Titled Tuesday Blitz January 17 Late 2023"]
[White "Melikhov, Evgeny V."]
[Black "Chlpik, Martin"]
[WhiteFideId "4122046"]
[BlackFideId "14923351"]
[WhiteElo "2269"]
[BlackElo "2287"]
[Result "0-1"]
[Round "09"]
[TimeControl "180+2"]
[Date "2023.01.17"]
[WhiteClock "0:00:15"]
[BlackClock "0:02:01"]

1. d4 Nf6 2. c4 c5 3. d5 e6 4. Nc3 exd5 5. cxd5 d6 6. Nf3 g6 7. h3 Bg7 8. e4 O-O 9. Bd3 b5 10. Nxb5 Nxe4 11. Bxe4 Re8 12. Ng5 h6 13. Ne6 fxe6 14. dxe6 Bxe6 15. O-O d5 16. Bxg6 Rf8 17. Re1 Qf6 18. Qc2 Nc6 19. Nc7 Nd4 20. Qd2 Qxg6 21. Nxe6 Nf3+ 22. Kh1 Nxd2 23. Nxf8 Rxf8 24. Bxd2 Rxf2 0-1


[Site "https://www.chess.com"]

[Event "Titled Tuesday Blitz January 17 Late 2023"]
[White "Torres Dominguez, David"]
[Black "Stachanczyk, Jacek"]
[WhiteFideId "2220857"]
[BlackFideId "1116657"]
[WhiteElo "1994"]
[BlackElo "2147"]
[Result "1-0"]
[Round "09"]
[TimeControl "180+2"]
[Date "2023.01.17"]
[WhiteClock "0:01:04"]
[BlackClock "0:00:23"]

1. e4 c5 2. Nc3 Nc6 3. f4 g6 4. Nf3 Bg7 5. a4 a6 6. Be2 e6 7. O-O Nge7 8. d3 O-O 9. Qe1 d5 10. Qh4 d4 11. Nb1 f5 12. Nbd2 b6 13. Nc4 Qc7 14. Nce5 Nxe5 15. Nxe5 fxe4 16. dxe4 Bxe5 17. fxe5 Rxf1+ 18. Bxf1 Nc6 19. Bc4 Nxe5 20. Bf4 Bb7 21. Bxe6+ Kg7 22. Bh6+ Kh8 23. Qf6+ 1-0


[Site "https://www.chess.com"]

[Event "Titled Tuesday Blitz January 17 Late 2023"]
[White "Mendez Machado, Andre"]
[Black "Kalajzic, Ivan"]
[WhiteFideId "6603793"]
[BlackFideId "14506378"]
[WhiteElo "1974"]
[BlackElo "2062"]
[Result "0-1"]
[Round "09"]
[TimeControl "180+2"]
[Date "2023.01.17"]
[WhiteClock "0:00:08"]
[BlackClock "0:00:50"]

1. e4 c6 2. d4 d5 3. f3 g6 4. c3 Bg7 5. e5 f6 6. f4 Bf5 7. Nf3 Be4 8. Bd3 e6 9. Bxe4 dxe4 10. Nfd2 f5 11. Nc4 Bf8 12. O-O b5 13. Ne3 Kf7 14. a4 Nd7 15. axb5 cxb5 16. Qb3 Qb6 17. Nd5 Qb7 18. Ne3 a5 19. d5 Nc5 20. dxe6+ Nxe6 21. Na3 Bxa3 22. bxa3 a4 23. Qa2 Ne7 24. Bb2 Rhd8 25. c4 Qb6 26. Bc1 Rd3 27. cxb5 Rb3 28. Kh1 Qxb5 29. Bd2 Nd5 30. Nxd5 Qxd5 31. Rad1 Rd3 32. Qc2 Rd8 33. Bb4 Rxd1 34. Rg1 Rxg1+ 35. Kxg1 Qd1+ 36. Qxd1 Rxd1+ 37. Kf2 Rd3 0-1


[Site "https://www.chess.com"]

[Event "Titled Tuesday Blitz January 17 Late 2023"]
[White "Cepo, Toni"]
[Black "Forgacs, Attila Jr."]
[WhiteFideId "4675916"]
[BlackFideId "773654"]
[WhiteElo "2145"]
[BlackElo "2264"]
[Result "0-1"]
[Round "09"]
[TimeControl "180+2"]
[Date "2023.01.17"]
[WhiteClock "0:00:15"]
[BlackClock "0:00:03"]

1. e4 e5 2. Nf3 Nc6 3. Bb5 a6 4. Ba4 Nf6 5. O-O Be7 6. Re1 b5 7. Bb3 O-O 8. c3 d5 9. d4 exd4 10. e5 Ne4 11. cxd4 Be6 12. Nbd2 Nxd2 13. Bxd2 Qd7 14. Bc2 Bf5 15. a3 Nd8 16. Rc1 Rc8 17. Bf4 c5 18. dxc5 Bxc5 19. Bxf5 Qxf5 20. Be3 Bxe3 21. Rxe3 Rxc1 22. Qxc1 Ne6 23. Qd2 d4 24. Rd3 Rd8 25. h3 Qe4 26. Qd1 Nf4 27. Rd2 d3 28. Qe1 Nxh3+ 29. gxh3 Qxf3 30. e6 fxe6 31. Qxe6+ Kh8 32. Qe7 Qd5 33. Qe3 h6 34. f4 Qc4 35. b4 Qc1+ 36. Kf2 Qc3 37. Ke1 Qc1+ 38. Kf2 Qxa3 39. Qe7 Rg8 40. Rxd3 Qxd3 0-1


[Site "https://www.chess.com"]

[Event "Titled Tuesday Blitz January 17 Late 2023"]
[White "Mesa Cruz, Juan Carlos"]
[Black "ritanovikova"]
[WhiteFideId "6423400"]
[WhiteElo "2122"]
[BlackElo "2148"]
[Result "1-0"]
[Round "09"]
[TimeControl "180+2"]
[Date "2023.01.17"]
[WhiteClock "0:00:57"]
[BlackClock "0:00:12"]

1. e4 d5 2. exd5 Qxd5 3. Nc3 Qd6 4. Nf3 Nf6 5. g3 Bf5 6. d3 c6 7. Bg2 e6 8. O-O Nbd7 9. Bf4 Qb4 10. Qd2 Bd6 11. a3 Bxf4 12. axb4 Bxd2 13. Nxd2 O-O 14. b5 Nd5 15. bxc6 bxc6 16. Nb3 N7f6 17. Nc5 Rab8 18. N3a4 Rb5 19. c4 Rxc5 20. Nxc5 Nb4 21. Rxa7 Nxd3 22. Nxd3 Bxd3 23. Rc1 c5 24. Rc7 g6 25. Rxc5 Rb8 26. Rd1 Bc2 27. Rd2 Rxb2 28. Rb5 Ra2 29. Bf3 Ra1+ 30. Kg2 Ba4 31. Ra5 e5 32. Rd8+ Kg7 33. Rda8 e4 34. Rxa4 exf3+ 35. Kxf3 Rc1 36. R8a7 Ne8 37. Rd7 Nf6 38. Re7 Rc3+ 39. Kg2 Ng4 40. Raa7 Nh6 41. Rac7 g5 42. h3 Kg6 43. c5 f5 44. Re6+ Kh5 45. Rxh7 1-0


[Site "https://www.chess.com"]

[Event "Titled Tuesday Blitz January 17 Late 2023"]
[White "O`Gorman, Tom"]
[Black "Harish, Neeraj"]
[WhiteFideId "2508249"]
[BlackFideId "30958130"]
[WhiteElo "2355"]
[BlackElo "2232"]
[Result "1-0"]
[Round "09"]
[TimeControl "180+2"]
[Date "2023.01.17"]
[WhiteClock "0:01:12"]
[BlackClock "0:00:01"]

1. e4 c5 2. d4 cxd4 3. c3 Nf6 4. e5 Nd5 5. Nf3 Nc6 6. Bc4 Nb6 7. Bb3 d6 8. exd6 Qxd6 9. cxd4 Be6 10. O-O Bxb3 11. Qxb3 e6 12. Nc3 Be7 13. Nb5 Qd7 14. Rd1 O-O 15. Ne5 Nxe5 16. dxe5 Nd5 17. Nc3 Rfd8 18. Nxd5 exd5 19. Be3 b6 20. Rd2 Qe6 21. Bd4 Bc5 22. Qe3 Rac8 23. Rad1 h6 24. h3 Bb4 25. Re2 Bc5 26. f4 g6 27. Rf2 Kh7 28. g4 Bxd4 29. Rxd4 f6 30. Re2 f5 31. Rg2 fxg4 32. hxg4 Rc4 33. Rxc4 dxc4 34. Qe4 Qd5 35. Qxd5 Rxd5 36. Re2 Kg7 37. Kf2 Kf7 38. Ke3 Ke6 39. Ke4 Rb5 40. f5+ gxf5+ 41. gxf5+ Ke7 42. Rh2 Ra5 43. a3 c3 44. bxc3 Ra4+ 45. Kd5 Ra5+ 46. Kd4 Rxa3 47. Rxh6 Ra4+ 48. c4 b5 49. Kd5 Rxc4 50. Rh7+ Ke8 51. Kd6 Rd4+ 52. Ke6 Kd8 53. Rxa7 Rc4 54. Rb7 Rc6+ 55. Kd5 Ra6 56. Rxb5 Ke7 57. Rb7+ Kd8 58. f6 Ra5+ 59. Ke6 Ra6+ 60. Kf5 Ke8 61. e6 Ra5+ 62. Kg6 Ra8 63. Rh7 Ra1 64. Rh8# 1-0


[Site "https://www.chess.com"]

[Event "Titled Tuesday Blitz January 17 Late 2023"]
[White "Sabar, Ethmane Daouda"]
[Black "Pace, Christopher"]
[WhiteFideId "19600097"]
[BlackFideId "2610167"]
[WhiteElo "2040"]
[BlackElo "2053"]
[Result "0-1"]
[Round "09"]
[TimeControl "180+2"]
[Date "2023.01.17"]
[WhiteClock "0:00:36"]
[BlackClock "0:01:32"]

1. e4 e5 2. Bc4 Nf6 3. d4 exd4 4. Nf3 Nc6 5. O-O Bc5 6. e5 d5 7. Bb5 Ne4 8. Nxd4 Bd7 9. Bxc6 bxc6 10. Nb3 Bb6 11. N1d2 Nxf2 12. Rxf2 O-O 13. Nf3 Bxf2+ 14. Kxf2 f6 15. Kg1 Bg4 16. Bf4 fxe5 17. Bxe5 Bxf3 18. gxf3 Qg5+ 19. Bg3 h5 20. Qd4 Rxf3 21. Re1 Rxg3+ 22. hxg3 Qxg3+ 23. Kf1 Rf8+ 24. Ke2 Re8+ 0-1


[Site "https://www.chess.com"]

[Event "Titled Tuesday Blitz January 17 Late 2023"]
[White "Papp, Petra"]
[Black "rikchessmx"]
[WhiteFideId "739049"]
[WhiteElo "2343"]
[BlackElo "2289"]
[Result "0-1"]
[Round "09"]
[TimeControl "180+2"]
[Date "2023.01.17"]
[WhiteClock "0:00:03"]
[BlackClock "0:01:07"]

1. e4 c5 2. Nf3 e6 3. d4 a6 4. d5 b5 5. c4 b4 6. Bd3 d6 7. O-O e5 8. Ne1 Nf6 9. f4 Nbd7 10. f5 Nb6 11. b3 a5 12. Nf3 Bd7 13. Qe1 a4 14. bxa4 Rxa4 15. Nbd2 Qa8 16. Bb1 Qa6 17. Qe2 Be7 18. h3 O-O 19. Qd3 Ra8 20. Qb3 Ra5 21. Kh1 Ba4 22. Qd3 Nh5 23. Ne1 Bh4 24. Rf3 Nf4 25. Qe3 Bg5 26. Bd3 Bh6 27. Qf2 Bd1 28. Rg3 b3 29. a3 Nh5 30. Ndf3 Nxg3+ 31. Qxg3 Bxc1 32. Rxc1 Bxf3 33. Nxf3 b2 34. Rb1 Rxa3 35. Ng5 Ra1 36. Qh4 Rxb1+ 37. Bxb1 h6 38. Nxf7 Kxf7 39. Qh5+ Kf8 40. f6 Qb7 41. fxg7+ Qxg7 42. Qf5+ Kg8 43. Qe6+ Kh8 44. Qxd6 Nxc4 45. Qc6 Rf8 46. Bd3 Nd2 0-1


[Site "https://www.chess.com"]

[Event "Titled Tuesday Blitz January 17 Late 2023"]
[White "Michalski, Olaf"]
[Black "Herbst, Richard"]
[WhiteFideId "1106740"]
[BlackFideId "2041251"]
[WhiteElo "2273"]
[BlackElo "2120"]
[Result "0-1"]
[Round "09"]
[TimeControl "180+2"]
[Date "2023.01.17"]
[WhiteClock "0:00:01"]
[BlackClock "0:01:16"]

1. d4 d5 2. c4 c6 3. cxd5 cxd5 4. Nc3 Nf6 5. Nf3 Nc6 6. Bf4 a6 7. e3 Bg4 8. h3 Bh5 9. Qb3 Na5 10. Qa4+ b5 11. Nxb5 axb5 12. Bxb5+ Nd7 13. Ne5 Nc6 14. Nxc6 Rxa4 15. Nxd8 Rb4 16. a4 Kxd8 17. Rb1 Bg6 18. Rc1 e5 19. dxe5 Nc5 20. O-O Nd3 21. Bxd3 Bxd3 22. Rfd1 Bc4 23. b3 Bxb3 24. Rd3 Bc4 25. Rd2 Rxa4 26. e4 Bb4 27. Rxc4 Ra1+ 0-1


[Site "https://www.chess.com"]

[Event "Titled Tuesday Blitz January 17 Late 2023"]
[White "Cueto, Jonny"]
[Black "Curtis, John"]
[WhiteFideId "3300145"]
[BlackFideId "3200256"]
[WhiteElo "2122"]
[BlackElo "2292"]
[Result "1-0"]
[Round "09"]
[TimeControl "180+2"]
[Date "2023.01.17"]
[WhiteClock "0:00:47"]
[BlackClock "0:00:01"]

1. d4 Nf6 2. Bf4 d6 3. Nc3 Nh5 4. Bd2 Nc6 5. e4 g6 6. Be3 e5 7. d5 Ne7 8. f3 c6 9. Qd2 cxd5 10. Nxd5 Nxd5 11. exd5 a6 12. g4 Nf4 13. Bxf4 exf4 14. Qxf4 Bg7 15. O-O-O O-O 16. h4 Qb6 17. c3 Bd7 18. h5 Rac8 19. Ne2 Rfe8 20. Qd2 Ba4 21. Re1 Bb5 22. hxg6 hxg6 23. Nf4 Rxe1+ 24. Qxe1 Bxf1 25. Rxf1 Bh6 26. Qe4 a5 27. Kc2 Qb4 28. Nxg6 1-0


[Site "https://www.chess.com"]

[Event "Titled Tuesday Blitz January 17 Late 2023"]
[White "Almedina Ortiz, Edgardo J."]
[Black "Adithya A Chullikkad"]
[WhiteFideId "3100197"]
[BlackFideId "45078734"]
[WhiteElo "2156"]
[BlackElo "2259"]
[Result "1-0"]
[Round "09"]
[TimeControl "180+2"]
[Date "2023.01.17"]
[WhiteClock "0:00:20"]
[BlackClock "0:01:32"]

1. Nf3 Nf6 2. c4 e6 3. g3 b6 4. Bg2 Bb7 5. O-O Be7 6. Nc3 O-O 7. d3 d5 8. cxd5 Nxd5 9. Bd2 Nd7 10. Rc1 N7f6 11. Qb3 Nxc3 12. bxc3 c5 13. a4 Qd5 14. c4 Qd7 15. a5 Qc7 16. Ra1 Bc6 17. Rfb1 Rab8 18. Qa2 Ra8 19. Bc3 Rfb8 20. Rb2 Ne8 21. Qb1 Bd8 22. Be5 Nd6 23. axb6 axb6 24. Rba2 f6 25. Bc3 Qb7 26. Ne1 Bc7 27. Bxc6 Qxc6 28. Ng2 Rxa2 29. Qxa2 h6 30. Nf4 Nf5 31. Qa7 Bxf4 32. gxf4 Rb7 33. Qa8+ Kh7 34. Ra7 Nh4 35. Qxb7 Qxb7 36. Rxb7 1-0


[Site "https://www.chess.com"]

[Event "Titled Tuesday Blitz January 17 Late 2023"]
[White "Coe, William"]
[Black "Rosh Jain"]
[WhiteFideId "30913624"]
[BlackFideId "25789465"]
[WhiteElo "2078"]
[BlackElo "2248"]
[Result "0-1"]
[Round "09"]
[TimeControl "180+2"]
[Date "2023.01.17"]
[WhiteClock "0:01:10"]
[BlackClock "0:01:23"]

1. e4 c5 2. Nf3 d6 3. d4 cxd4 4. Nxd4 Nf6 5. Nc3 a6 6. h3 e5 7. Nde2 h5 8. g3 Be7 9. Bg2 Be6 10. O-O Nbd7 11. a4 O-O 12. Be3 Rc8 13. Nd5 Nxd5 14. exd5 Bf5 15. Rc1 Bg5 16. f4 Bh6 17. c4 Re8 18. b3 Nc5 19. Nc3 Nd3 20. Ra1 exf4 21. Bxf4 Nxf4 22. gxf4 Re3 23. Qxh5 Bg6 24. Qd1 Rxc3 25. f5 Bh7 26. Qd4 Be3+ 0-1


[Site "https://www.chess.com"]